 Dungeon Crawl Stone Soup version 0.19.5 (webtiles) character file.

128 genrtul the Sneak (level 5, -6/28 HPs)
             Began as a Kobold Enchanter on Mar 18, 2017.
             Was an Initiate of Nemelex Xobeh.
             Mangled by pib's ghost (9 damage)
             ... on level 3 of the Dungeon.
             The game lasted 00:10:28 (2392 turns).

genrtul the Sneak (Kobold Enchanter)                Turns: 2392, Time: 00:10:29

Health: -6/28      AC:  3    Str:  5    XL:     5   Next: 34%
Magic:  7/8        EV: 16    Int: 16    God:    Nemelex Xobeh [......]
Gold:   163        SH:  0    Dex: 17    Spells: 2 memorised, 6 levels left

rFire  . . .     SeeInvis .     a - +1 dagger
rCold  . . .     Gourm    .     b - +1 robe
rNeg   . . .     Faith    .     (shield restricted)
rPois  .         Spirit   .     (no helmet)
rElec  .         Reflect  .     (no cloak)
rCorr  .         Harm     .     (no gloves)
MR     .....                    (no boots)
Stlth  +++.......               (no amulet)
                                (no ring)
                                (no ring)

@: no status effects
A: carnivore 3
a: Renounce Religion


You were on level 3 of the Dungeon.
You worshipped Nemelex Xobeh.
Nemelex Xobeh was noncommittal.
You were completely stuffed.

You visited 1 branch of the dungeon, and saw 3 of its levels.

You collected 163 gold pieces.

Inventory:

Hand Weapons
 a - a +1 dagger (weapon)
Missiles
 h - 24 arrows
 j - 15 poisoned needles
 k - 127 stones (quivered)
Armour
 b - a +1 robe (worn)
Wands
 q - a wand of paralysis (13/24)
Scrolls
 e - 5 scrolls of remove curse {unknown}
 g - 2 scrolls of enchant weapon {unknown}
 i - 2 scrolls of teleportation {unknown}
 o - a scroll of fear {unknown}
 s - a scroll of identify {unknown}
 t - a scroll of enchant armour {unknown}
 u - a scroll of magic mapping {unknown}
 x - a scroll of recharging {unknown}
Potions
 f - a potion of agility {unknown}
 l - 2 potions of cancellation {unknown}
 m - a potion of berserk rage {unknown}
 n - 2 potions of heal wounds {unknown}
 p - a potion of flight {unknown}
Books
 c - a book of Maledictions

   Spells                             Type                      Level
   a - Corona                         Hexes                        1
   b - Ensorcelled Hibernation        Hexes/Ice                    2
   c - Confuse                        Hexes                        3
   d - Tukima's Dance                 Hexes                        3
   e - Dazzling Spray                 Conjuration/Hexes            3
Miscellaneous
 v - a plain deck of summoning {drawn: 3}
Comestibles
 d - a meat ration
 r - a beef jerky
 w - 3 chunks of flesh


   Skills:
 + Level 0.4 Fighting
 + Level 2.3 Short Blades
 * Level 3.6 Dodging
 + Level 5.1 Stealth
 + Level 2.6 Spellcasting
 + Level 3.7 Hexes
 + Level 0.6 Ice Magic
 + Level 0.2 Invocations


You had 6 spell levels left.
You knew the following spells:

 Your Spells              Type           Power        Failure   Level  Hunger
a - Corona                Hex            ##.....      6%          1    #......
b - Ensorcelled Hibernat  Hex/Ice        #.....       14%         2    ##.....


Dungeon Overview and Level Annotations

Branches:
Dungeon (3/15)

Altars:
Cheibriados
Dithmenos
Nemelex Xobeh

Annotations:
D:3 pib's ghost, amateur SpEn


Innate Abilities, Weirdness & Mutations

You are small and have problems with some larger weapons.
You are carnivorous and can eat meat at any time.


Message History

Your hell hound barely misses the adder.
The adder misses your hell hound.
Your hell hound bites the adder!
The adder dies!
The bat closely misses you.
Your hell hound closely misses pib's ghost.
The bat barely misses you.
Your hell hound closely misses pib's ghost.
The bat hits you but does no damage.
Your red devil closely misses pib's ghost.
The bat hits you but does no damage.
Pib's ghost points at you and mumbles some strange words.
You fall asleep.
The bat barely misses you.
Your hell hound barely misses pib's ghost.
Your hell hound misses pib's ghost.
Pib's ghost wails, "You will never get the ORB!"
The bat misses you. The bat completely misses you.
The bat hits you but does no damage. Pib's ghost hits you!
You wake up.
You die...
Your body disappears without a glow.

.###.(....## ## ######..# ###
##.####### ..########†#......
#.......)....# ### ..#
...########.#### ####......#
##..##...##.)..###.....#...#
##.##.#............#....#..
#.##.#######..@b.###.... # #)...#
#...##W.###..# .#### ###..###
#...###.4#..# #....... #####....#
#....##..h..##........ .........#
#.....................
..........##..##.....(...##$....$
...........#.# ##..._.%.## #....)
.........#.#. #.........##......
.........#.. ...........[.......


You could see pib's ghost, a bat, a friendly red devil, a friendly hell hound
and a friendly enchanted hand axe.

Vanquished Creatures
  Ijyb (D:2)
  5 adders (D:2)
  2 worms (D:2)
  A dart slug (D:3)
  3 leopard geckos
  2 orcs (D:3)
  4 bats
  3 giant cockroaches
  4 hobgoblins
  A ball python (D:3)
  2 frilled lizards
  4 goblins
  8 kobolds
  3 rats
43 creatures vanquished.

Vanquished Creatures (collateral kills)
  An adder (D:3)
  3 orcs (D:3)
  A rat (D:3)
5 creatures vanquished.

Grand Total: 48 creatures vanquished

Notes
Turn   | Place    | Note
-------+----------+-------------------------------------------
     0 | D:1      | genrtul the Kobold Enchanter began the quest for the Orb.
     0 | D:1      | Reached XP level 1. HP: 10/10 MP: 3/3
   566 | D:1      | Reached XP level 2. HP: 11/15 MP: 5/5
   572 | D:1      | Learned a level 2 spell: Ensorcelled Hibernation
   976 | D:2      | Reached XP level 3. HP: 19/19 MP: 6/6
   990 | D:2      | Noticed Ijyb
   996 | D:2      | Killed Ijyb
  1162 | D:2      | Reached XP level 4. HP: 19/24 MP: 2/7
  1527 | D:2      | Reached skill level 5 in Stealth
  1527 | D:2      | Reached XP level 5. HP: 16/28 MP: 0/8
  1874 | D:2      | Found a snail-covered altar of Cheibriados.
  1874 | D:2      | Found a sparkling altar of Nemelex Xobeh.
  1878 | D:2      | Became a worshipper of Nemelex Xobeh the Trickster
  1920 | D:3      | Received a gift from Nemelex Xobeh
  2351 | D:3      | Found a shadowy altar of Dithmenos.
  2372 | D:3      | Noticed pib's ghost (amateur SpEn)
  2392 | D:3      | Mangled by pib's ghost

Skill      XL: |  1  2  3  4 |
---------------+-------------+-----
Dodging        | 3 |  3.6
Short Blades   | 2 |  2.3
Stealth        | 5 |  5.1
Fighting       | |  0.4
Spellcasting   | |  2.6
Hexes          | |  3.7
Ice Magic      | |  0.6
Invocations    | |  0.2

Action                   |  1- 3 |  4- 6 || total
-------------------------+-------+-------++-------
Melee: Dagger            |    79 |    93 ||   172
Throw: Stone             |     2 |     5 ||     7
 Cast: Ensorcelled Hiber |     6 |    10 ||    16
Evoke: Deck              |       |     3 ||     3
 Stab: Sleeping          |     9 |    10 ||    19
  Eat: Chunk             |     9 |     5 ||    14
Armor: Robe              |     8 |    18 ||    26
Dodge: Dodged            |    56 |    59 ||   115
